 Dungeon Crawl Stone Soup version 0.24.0-13-gcf9b319 (webtiles) character file.

Game seed: 1281206484544458554, levelgen mode: deterministic

8432 Arex the Grappler (level 11, -5/59 HPs)
             Began as a Vine Stalker Fighter on Apr 8, 2020.
             Was an Elder of Nemelex Xobeh.
             Shot with an arrow by a centaur (6 damage)
             ... on level 11 of the Dungeon on Apr 9, 2020.
             The game lasted 00:35:45 (9619 turns).

Arex the Grappler (Vine Stalker Fighter)            Turns: 9619, Time: 00:35:46

Health: -5/59      AC: 14    Str: 21    XL:     11   Next: 30%
Magic:  0/17       EV:  6    Int:  8    God:    Nemelex Xobeh [****..]
Gold:   420        SH: 11    Dex: 15    Spells: 10/10 levels left

rFire    . . .     SeeInvis +     - Unarmed
rCold    . . .     Gourm    .   b - +0 shield
rNeg     . . .     Faith    .   H - +0 chain mail (curse)
rPois    +         Spirit   +   r - +0 helmet
rElec    .         Reflect  .   (no cloak)
rCorr    .         Harm     .   v - +0 pair of gloves
MR       +....                  F - +0 pair of boots
Stlth    ..........             (no amulet)
HPRegen  0.59/turn              z - ring of poison resistance
MPRegen  0.15/turn              E - ring of see invisible

@: no status effects
A: fangs 3, regeneration 1, magic shield, antimagic bite, no potion heal 3, rot
immunity
a: Draw Escape, Draw Destruction, Draw Summoning, Triple Draw, Deal Four,
Renounce Religion


You were on level 11 of the Dungeon.
You worshipped Nemelex Xobeh.
Nemelex Xobeh was greatly pleased with you.
You were not hungry.

You visited 1 branch of the dungeon, and saw 11 of its levels.

You collected 710 gold pieces.
You spent 290 gold pieces at shops.

Inventory:

Missiles
 D - 162 stones (quivered)
Armour
 a - a +0 scale mail
 b - a +0 shield (worn)
 r - a +0 helmet (worn)
 v - a +0 pair of gloves (worn)
 F - a +0 pair of boots (worn)
 H - a cursed +0 chain mail (worn)
Jewellery
 z - a ring of poison resistance (left hand)
 E - a ring of see invisible (right hand)
 G - a +5 ring of dexterity
 Q - an uncursed amulet of the gourmand {unknown}
Wands
 A - a wand of disintegration (9)
 C - a wand of iceblast (12)
 J - a wand of digging (4)
 L - a wand of random effects (11)
 N - a wand of paralysis (5)
Scrolls
 e - a scroll of fear {unknown}
 f - a scroll of amnesia {unknown}
 g - a scroll of silence {unknown}
 i - 4 scrolls of teleportation
 n - a scroll of noise {unknown}
 o - a scroll of random uselessness {unknown}
 s - 4 scrolls of remove curse
 t - 2 scrolls of fog {unknown}
 y - a scroll of enchant weapon
 I - a scroll of magic mapping
 P - a scroll of torment {unknown}
Potions
 c - 5 potions of might
 h - 4 potions of haste
 j - 2 potions of heal wounds {unknown}
 k - 7 potions of lignification
 l - a potion of agility
 m - 4 potions of curing
 p - 2 potions of ambrosia {unknown}
 q - 2 potions of magic {unknown}
 u - a potion of resistance {unknown}
 w - 2 potions of flight {unknown}
 x - 2 potions of cancellation {unknown}
 B - a potion of berserk rage {unknown}
 K - 2 potions of mutation
 O - a potion of degeneration {unknown}
Comestibles
 d - 28 rations


   Skills:
 + Level 7.7 Fighting
 + Level 7.0 Armour
 + Level 7.7 Shields
 + Level 8.2 Unarmed Combat
 + Level 7.2 Invocations


You had 10 spell levels left.
You didn't know any spells.
Your spell library contained the following spells:

 Spells                   Type           Power        Failure   Level  Hunger
 Beastly Appendage        Tmut           #.....       100%        1    ##.....
 Corona                   Hex            #......      100%        1    ##.....
 Magic Dart               Conj           #...         100%        1    ##.....
 Summon Small Mammal      Summ           #...         100%        1    ##.....
 Blink                    Tloc           N/A          100%        2    ###....
 Call Imp                 Summ           #.......     100%        2    ###....
 Ensorcelled Hibernation  Hex/Ice        #.....       100%        2    ###....
 Slow                     Hex            #.......     100%        2    ###....
 Sticks to Snakes         Tmut           #.......     100%        2    ###....
 Call Canine Familiar     Summ           #.......     100%        3    ####...
 Confuse                  Hex            #.......     100%        3    ####...
 Conjure Flame            Conj/Fire      #.......     100%        3    ####...
 Dazzling Spray           Conj/Hex       #.....       100%        3    ####...
 Mephitic Cloud           Conj/Pois/Air  #.......     100%        3    ####...
 Spider Form              Tmut/Pois      #.........   100%        3    ####...
 Summon Guardian Golem    Hex/Summ       #.......     100%        3    ####...
 Tukima's Dance           Hex            #.......     100%        3    ####...
 Ice Form                 Ice/Tmut       #.......     100%        4    #####..
 Summon Ice Beast         Ice/Summ       #.......     100%        4    #####..
 Summon Lightning Spire   Summ/Air       #.......     100%        4    #####..
 Blade Hands              Tmut           #.........   100%        5    ######.


Dungeon Overview and Level Annotations

Branches:
Dungeon (11/15)            Temple (0/1) D:5
   Lair: D:8-11         Orc: D:9-12

Altars:
Ashenzari
Cheibriados
Fedhas
Makhleb
Nemelex Xobeh
Okawaru
Qazlal
Ru
Trog
Uskayaw
Xom
Yredelemnul
The Shining One

Shops:
D:6 %=:!   D:9 :((:

Annotations:
D:11 exclusion: oklob plant


Innate Abilities, Weirdness & Mutations

You have razor-sharp teeth.
Your natural rate of healing is unusually fast.
When hurt, damage is shared between your health and your magic reserves.
Your bite disrupts and absorbs the magic of your enemies.
Potions cannot restore your health.
You are immune to rotting.


Message History

You block the very large slime creature's attack.
Your soul eater hits the very large slime creature!
You hit the very large slime creature. You bite the very large slime creature.
You drain its power.
You feel invigorated.
The very large slime creature is heavily wounded.
Your rakshasa hits the very large slime creature with a +0 long sword!
The centaur shoots an arrow.
The arrow hits you. The very large slime creature hits you!
* * * LOW HITPOINT WARNING * * *
Your soul eater hits the very large slime creature!!
You catch the helpless very large slime creature completely off-guard!
You hit the very large slime creature. You bite the very large slime creature!
You drain its power.
You feel invigorated.
The very large slime creature is severely wounded.
Your rakshasa barely misses the very large slime creature.
The very large slime creature hits you!!
* * * LOW HITPOINT WARNING * * *
The centaur shoots an arrow.
The arrow hits you.
You die...
Your body glows with a rainbow of weird colours and disappears.

................
####
##.......>..?.......
##..#
#.....#.............
##...## ###...c.
#.)......... #.....#
#......# #..........
......## #......#
##..<...... .......#
#......# #.........
.......## #......#
#......... ........#
#..3.@# ##.........
........# #..RJ##
###..........
........# #...##
##............
........# ##...#
##..........##.
........# #...##
##............##
...)....# #...#
##.............#
.....)..###..##
#............#..
....).).##...#
#............#..
#....)..##...#
##..........##


You could see a very large slime creature, a centaur, a friendly rakshasa and a
friendly soul eater.

Vanquished Creatures
  An unseen horror (D:9)
  A slime creature (D:11)
  Grinder (D:3)
  A hippogriff (D:10)
  Sigmund (D:2)
  7 yaks (D:10)
  2 wyverns (D:10)
  Eustachio (D:5)
  2 hungry ghosts
  A swamp worm (D:10)
  A water moccasin (D:9)
  2 orc warriors
  2 sky beasts
  3 ice beasts
  11 ogres
  A black bear (D:8)
  5 phantoms
  5 centaurs
  2 big kobolds
  4 bullfrogs
  4 scorpions
  8 killer bees
  2 wights
  5 crimson imps
  A bullfrog zombie (D:11)
  4 jellies
  A gnoll shaman (D:5)
  5 hounds
  An orc priest (D:4)
  3 bullfrog skeletons
  3 orc wizards
  8 worker ants
  Natasha (thrice) (D:2)
  5 iguanas
  3 hound zombies
  2 worker ant zombies
  Robin (D:3)
  2 gnolls (D:5)
  A river rat (D:6)
  9 adders
  2 shadow imps
  An adder zombie (D:9)
  2 dart slugs
  5 leopard geckos
  21 orcs
  4 giant cockroaches
  14 goblins
  9 hobgoblins
  15 jackals
  30 kobolds
  A quokka (D:7)
  8 bats
  A frilled lizard (D:5)
  A jackal zombie (D:5)
  9 rats
248 creatures vanquished.

Vanquished Creatures (collateral kills)
  A troll (D:10)
  A centaur (D:10)
  A killer bee (D:10)
  6 wights
  An orc wizard (D:11)
  A worker ant (D:5)
  4 orcs (D:11)
15 creatures vanquished.

Vanquished Creatures (others)
  A killer bee (D:8)
  A gnoll (D:5)
  A ball lightning (D:9)
  An orc (D:4)
  3 kobolds (D:7)
  2 fire vortices (D:5)
9 creatures vanquished.

Grand Total: 272 creatures vanquished

Notes
Turn   | Place    | Note
-------+----------+-------------------------------------------
     0 | D:1      | Arex the Vine Stalker Fighter began the quest for the Orb.
     0 | D:1      | Reached XP level 1. HP: 11/11 MP: 2/2
    39 | D:1      | Reached XP level 2. HP: 6/16 MP: 3/3
   607 | D:1      | Reached XP level 3. HP: 20/20 MP: 4/4
   968 | D:2      | Found a stormy altar of Qazlal.
   974 | D:2      | Noticed Sigmund
   976 | D:2      | Noticed Natasha
  1003 | D:2      | HP: 1/20 [something (3)]
  1004 | D:2      | Killed Sigmund
  1004 | D:2      | Reached skill level 3 in Unarmed Combat
  1004 | D:2      | Gained mutation: Your natural rate of healing is unusually
                  | fast. [Vine Stalker growth]
  1004 | D:2      | Reached XP level 4. HP: 2/24 MP: 0/5
  1004 | D:2      | Reached XP level 5. HP: 2/28 MP: 0/6
  1007 | D:2      | Killed Natasha
  1078 | D:2      | Found a sparkling altar of Nemelex Xobeh.
  1099 | D:2      | Became a worshipper of Nemelex Xobeh the Trickster
  1142 | D:2      | Found a burning altar of Makhleb.
  1145 | D:2      | Noticed Natasha
  1159 | D:2      | Killed Natasha
  1159 | D:2      | Reached XP level 6. HP: 26/33 MP: 7/7
  1183 | D:2      | Found a shimmering altar of Xom.
  1366 | D:2      | Found a glowing golden altar of the Shining One.
  1368 | D:2      | Noticed an angel
  1377 | D:2      | Found a basalt altar of Yredelemnul.
  1379 | D:2      | Noticed a profane servitor
  1445 | D:2      | Noticed Natasha
  1458 | D:2      | Killed Natasha
  1633 | D:3      | Noticed Robin
  1654 | D:3      | Killed Robin
  1925 | D:3      | Received a gift from Nemelex Xobeh
  2104 | D:3      | Reached * piety under Nemelex Xobeh
  2105 | D:3      | Noticed Grinder
  2118 | D:3      | Killed Grinder
  2118 | D:3      | Reached skill level 1 in Invocations
  2118 | D:3      | Reached XP level 7. HP: 24/37 MP: 5/9
  2303 | D:4      | Reached skill level 4 in Unarmed Combat
  2764 | D:4      | Gained mutation: You have razor-sharp teeth. [Vine Stalker
                  | growth]
  2764 | D:4      | Reached XP level 8. HP: 42/42 MP: 9/11
  2924 | D:4      | Found a sacrificial altar of Ru.
  3216 | D:4      | Found an iron altar of Okawaru.
  3343 | D:5      | Entered Level 5 of the Dungeon
  3407 | D:5      | Identified the -1 trident "Orhi Haf" {holy, rElec Int+4}
  3410 | D:5      | Noticed Eustachio
  3432 | D:5      | Killed Eustachio
  3450 | D:5      | Found a hide-covered altar of Uskayaw.
  3485 | D:5      | Reached skill level 5 in Shields
  3726 | D:5      | Reached skill level 5 in Fighting
  3726 | D:5      | Reached skill level 5 in Unarmed Combat
  4147 | D:5      | Reached ** piety under Nemelex Xobeh
  4147 | D:5      | Received a gift from Nemelex Xobeh
  4172 | D:5      | Found a staircase to the Ecumenical Temple.
  4518 | D:6      | Found Juttoz's Book Boutique.
  4521 | D:6      | Reached XP level 9. HP: 47/47 MP: 13/13
  4558 | D:6      | Reached skill level 5 in Armour
  4643 | D:6      | Found a snail-covered altar of Cheibriados.
  4644 | D:6      | Found Ifeneil's Jewellery Shop.
  4658 | D:6      | Bought an uncursed ring of poison resistance for 260 gold
                  | pieces
  4702 | D:6      | Found Koronay's Food Shop.
  5011 | D:6      | Found Cayrrula's Distillery.
  5019 | D:6      | Bought a potion of curing for 30 gold pieces
  5089 | D:6      | Received a gift from Nemelex Xobeh
  5147 | D:6      | Reached skill level 6 in Unarmed Combat
  5518 | D:7      | Found a shattered altar of Ashenzari.
  5557 | D:7      | Reached *** piety under Nemelex Xobeh
  5672 | D:7      | Found a bloodstained altar of Trog.
  5674 | D:7      | Found a blossoming altar of Fedhas.
  5810 | D:7      | Reached skill level 5 in Invocations
  6332 | D:7      | Reached XP level 10. HP: 53/53 MP: 13/15
  6340 | D:8      | Received a gift from Nemelex Xobeh
  7119 | D:9      | Reached skill level 7 in Unarmed Combat
  7157 | D:9      | Found Zoonol's Book Shoppe.
  7239 | D:9      | Received a gift from Nemelex Xobeh
  7345 | D:9      | Found Cisis's Antique Weapon Emporium.
  7684 | D:9      | Found Saas's Book Emporium.
  7773 | D:9      | Noticed an unseen horror
  7786 | D:9      | Killed an unseen horror
  7869 | D:9      | Found Bioz's Antique Weapon Emporium.
  7973 | D:10     | Entered Level 10 of the Dungeon
  7977 | D:10     | Reached **** piety under Nemelex Xobeh
  8011 | D:10     | Received a gift from Nemelex Xobeh
  8231 | D:10     | Noticed a two-headed ogre
  8233 | D:10     | a two-headed ogre changed into a swamp worm
  8254 | D:10     | Reached XP level 11. HP: 41/58 MP: 14/17
  8675 | D:10     | Reached skill level 8 in Unarmed Combat
  9318 | D:11     | Received a gift from Nemelex Xobeh
  9342 | D:11     | Noticed an oklob plant
  9619 | D:11     | HP: 1/59 [very large slime creature (15)]
  9619 | D:11     | Shot with an arrow by a centaur

Levels and vault maps discovered:
D:1:      wander_arrival_desolate, layout_rooms, serial_rivers,
          chequers_serial_rivers_room_b, chequers_serial_rivers_large_a,
          chequers_serial_rivers_small_3, chequers_serial_rivers_micro_b,
          chequers_serial_rivers_small_a, chequers_serial_rivers_large_b,
          kennysheep_crisscross
D:2:      layout_basic, grunt_temple_overflow_holy_war,
          nicolae_overflow_crystal_walls, nicolae_qazlal_general_emergency,
          overflow_temple_1_default, old_standard_altar, uniq_natasha,
          uniq_sigmund
D:3:      layout_basic, uniq_robin, uniq_grinder
D:4:      layout_basic, nicolae_overflow_hidden_temple, lemuel_crystal_altar,
          patterned_corridor
D:5:      kennysheep_kobold_camp, layout_cave_pools,
          eat_drink_and_be_merry_uskayaw, temple_hall, first_ration,
          uniq_eustachio
D:6:      layout_layer_cave, cheibriados_altar_1, gup_sewer_entry_bubbles,
          serial_shops, shop, shop, shop, nicolae_shop_statue_plus,
          minmay_misc_feat_secret_circle
D:7:      layout_loops_ring, gammafunk_temple_overflow_forgotten,
          grunt_ogre_cave, serial_park_tiny_pond
D:8:      layout_basic, hangedman_abyss_or_decor_stabs
D:9:      layout_roguey, serial_shops, nicolae_shop_behind_doors,
          nicolae_shop_competitors_out_of_business, nicolae_shop_stone, shop
D:10:     layout_cave_pools
D:11:     layout_cave_pods, dpeg_oklobed_lair

Skill      XL: |  1  2  3  4  5  6  7  8  9 10 11 |
---------------+----------------------------------+-----
Fighting       | 3 4 5 6 7 |  7.7
Shields        | 3 4 5 6 7 |  7.7
Armour         | 3 4 5 6 7 |  7.0
Unarmed Combat | 3 4 5 6 7 8 |  8.2
Invocations    | 1 2 4 5 6 7 |  7.2

Action                   |  1- 3 |  4- 6 |  7- 9 | 10-12 || total
-------------------------+-------+-------+-------+-------++-------
Melee: Unarmed           |    92 |   122 |   404 |   361 ||   979
       Bite              |    30 |    27 |   147 |   165 ||   369
 Abil: Draw Destruction  |       |       |    11 |     9 ||    20
       Draw Summoning    |       |       |     1 |     8 ||     9
       Draw Escape       |       |       |     1 |       ||     1
Evoke: Wand              |       |       |     2 |       ||     2
  Use: Potion            |     1 |       |       |     3 ||     4
       Scroll            |       |       |     5 |     2 ||     7
 Stab: Distracted        |       |       |       |     4 ||     4
       Petrified         |       |       |       |     1 ||     1
  Eat: Chunk             |       |     4 |    10 |     7 ||    21
       Ration            |       |       |     2 |     1 ||     3
Armor: Scale mail        |    43 |    48 |   126 |    31 ||   248
       Chain mail        |       |       |       |   149 ||   149
Dodge: Dodged            |    22 |    29 |    83 |   105 ||   239
Block: Shield            |    54 |    70 |   166 |   208 ||   498
